AoeStats
← Tomate

Arena

508554353Analyzed
2v2 RM · 11d ago on Sep 23, 2026· 21m 55s· 4 players
Game mode
Random Map
Map size
Medium (4 player)
Population
200
Speed
Normal
Resources
Standard
Victory
Conquest
Starting age
Dark Age
Ending age
Imperial Age
RankedLock teamsTeams togetherTeam positionsShared explorationLock speedFull tech treeHidden civsTurbo modeCheats
Victory
Defeat
🇦🇷 Turks · Argentina
1015
+14
🇦🇷 Bohemians · Argentina
972
+16
🇨🇱 Chinese · Chile
979
-15
🇨🇱 Spanish · Chile
979
-15
Tomate
10:33 Feudal Age
12:30 Loom
15:01 Castle Age
13:13 Horse Collar
18:01 Wheelbarrow
18:16 Double-Bit Axe
20:25 Hand Cart
20:39 Bow Saw
21:49 Fletching
nnickk0
10:10 Feudal Age
14:46 Castle Age
13:03 Double-Bit Axe
14:21 Horse Collar
16:49 Fervor
17:23 Bow Saw
20:31 Stone Mining
20:33 Crossbowman
21:59 Fletching
22:09 Padded Archer Armor
Melonauta
10:19 Feudal Age
14:06 Castle Age
12:55 Double-Bit Axe
12:51 Horse Collar
13:12 Loom
13:42 Stone Mining
15:52 Bow Saw
Malcorra
11:06 Feudal Age
14:55 Castle Age
13:44 Double-Bit Axe
16:18 Loom
17:33 Bow Saw
19:10 Fletching
Connection lost

Rejoining the realm…

Still unreachable

The connection could not be restored.

Session expired

The server has moved on; the page needs a fresh start.